 Dungeon Crawl Stone Soup version 0.29.0-11-gd7f09526c8 (webtiles) character file.

Game seed: 10935280902264466280

774 sanka the Martial Artist (level 7, -2/57 HPs)
             Began as a Purple Draconian Monk on Sept 2, 2022.
             Slain by a troll (9 damage)
             ... on level 5 of the Dungeon.
             The game lasted 00:06:06 (5486 turns).

sanka the Martial Artist (Purple Draconian Monk)    Turns: 5486, Time: 00:06:07

Health: -2/57      AC:  6    Str: 13    XL:     7   Next: 53%
Magic:  7/7        EV: 12    Int: 13    God:
Gold:   233        SH:  0    Dex: 13    Spells: 6/6 levels left

rFire   . . .      SeeInvis .     - Unarmed
rCold   . . .      Faith    .   (no shield)
rNeg    . . .      Spirit   .   (body armour unavailable)
rPois   .          Reflect  .   (helmet restricted)
rElec   .          Harm     .   (no cloak)
rCorr   .          Rampage  .   (no gloves)
Will    ++...                   (no boots)
Stlth   ++........              (no amulet)
HPRegen 0.19/turn               (no ring)
MPRegen 0.10/turn               v - ring of willpower

@: short of breath
A: breathe power, AC +6, unfitting armour, cold-blooded
a: Breathe Dispelling Energy


You were on level 5 of the Dungeon.
You visited 1 branch of the dungeon, and saw 5 of its levels.

You collected 233 gold pieces.


Innate Abilities, Weirdness & Mutations

You can breathe bolts of dispelling energy.
Your rich purple scales are hard. (AC +6)
You cannot fit into any form of body armour.
You are cold-blooded and may be slowed by cold attacks.


   Skills:
 - Level 3.2 Fighting
 - Level 2.6 Dodging
 - Level 1.7 Stealth
 + Level 9.0 Unarmed Combat


You had 6 spell levels left.
You didn't know any spells.
Your spell library was empty.

Inventory:

Magical Staves
 u - a staff of poison
 w - a staff of conjuration {!a}
Jewellery
 v - a ring of willpower (right hand)
Wands
 s - a wand of polymorph (12)
Scrolls
 b - a scroll of noise {unknown}
 d - 3 scrolls of teleportation {unknown}
 f - 3 scrolls of magic mapping {unknown}
 g - 4 scrolls of fog {unknown}
 h - a scroll of enchant armour {unknown}
 i - a scroll of enchant weapon {unknown}
 j - a scroll of vulnerability {unknown}
 k - a scroll of fear {unknown}
 l - 3 scrolls of blinking {unknown}
 m - 7 scrolls of identify {unknown}
 n - 2 scrolls of poison {unknown}
 o - a scroll of summoning {unknown}
 r - a scroll of immolation {unknown}
Potions
 c - 3 potions of curing {@q1}
 e - a potion of lignification {unknown}
 p - a potion of attraction {unknown}
 q - 4 potions of heal wounds {unknown}
 t - 2 potions of degeneration {unknown}
 x - a potion of flight {unknown}

Dungeon Overview and Level Annotations

Branches:
Dungeon (5/15)
 Temple: D:4-7

Altars:
Yredelemnul

Shops:
D:3 =

Annotations:
D:4 Blork the orc

.. ▒▒ ▒▒▒ ..▒▒ .. ... ▒..
... .▒ ▒.▒ ▒.▒▒▒.▒▒▒ .▒ ▒.▒
▒.▒.....▒ ▒.▒ ▒.▒
▒▒▒.▒.8.8.▒). ..▒ ▒.▒
▒▒▒▒▒▒..?†l.8..... <.▒ ▒.▒
▒▒.....T▒l▒.8.8.▒.▒ .▒▒▒▒
▒.▒ ▒.....dS..▒.....▒
....▒▒▒.▒▒▒.▒)▒▒▒.▒▒▒▒▒.▒▒▒
........)...▒.▒..... ...
........▒▒▒.▒.▒..?..▒ ...▒
.▒.▒▒▒▒▒▒ ▒.▒...!!!... ....
.▒.▒ ▒.▒.▒..?..▒.. ..▒.
.▒.▒ ▒.▒.▒.....▒... .▒.▒
▒.▒.▒ .▒▒▒ ▒. .▒.▒ ▒.▒


You could see a troll, an iguana and an adder.


Message History

The troll misses you.
You see here a scroll labelled ORYMETHRAIM.
Use which ability? (? or * to list)
Aiming: Breathe Dispelling Energy (5% risk of failure)
Aim: an adder (31% to hit)
You breathe a bolt of dispelling energy.
The bolt of dispelling energy hits the adder!
You kill the adder!
The bolt of dispelling energy misses the troll.
The bolt of dispelling energy hits the adder.
The adder is heavily wounded.
Unknown command.
The troll attacks as you move away! The troll bites you.
* * * LOW HITPOINT WARNING * * *
The troll closely misses you. The troll claws you.
* * * LOW HITPOINT WARNING * * *
The troll attacks as you move away! The troll bites you.
* * * LOW HITPOINT WARNING * * *
The troll claws you.
* * * LOW HITPOINT WARNING * * *
The troll claws you but does no damage.
It was a potion of curing.
The troll bites you!
* * * LOW HITPOINT WARNING * * *
The troll barely misses you. The troll claws you!
You die...

Action                   |  1- 3 |  4- 6 |  7- 9 || total
-------------------------+-------+-------+-------++-------
Melee: Unarmed           |    89 |   172 |    46 ||   307
       Tailslap          |    12 |    17 |     5 ||    34
       Punch             |     1 |     2 |     1 ||     4
 Abil: Breathe Dispellin |       |       |     3 ||     3
  Use: Potion            |       |       |     2 ||     2
 Stab: Sleeping          |     2 |     8 |       ||    10
Armor: Skin              |    30 |    51 |    16 ||    97
Dodge: Dodged            |    54 |   115 |    32 ||   201

Levels and vault maps discovered:
D:1:      kilobyte_arrival_exit_the_forest, layout_basic,
          basic_ecumenical_altar, hangedman_decor_peaks_small
D:2:      layout_basic, amethyst_killhole, kennysheep_generic_room_16
D:3:      layout_loops_cross, serial_shops, shop_fountains, glass_columns_a,
          kennysheep_generic_room_8, uniq_sigmund
D:4:      layout_basic, marbit_many_paths, uniq_natasha, uniq_blork_the_orc
D:5:      layout_loops_ring, kennysheep_pointless_box, minmay_chambers_of_fives

Notes
Turn   | Place    | Note
-------+----------+-------------------------------------------
     0 | D:1      | sanka the Draconian Monk began the quest for the Orb.
     0 | D:1      | Reached XP level 1. HP: 19/19 MP: 1/1
   237 | D:1      | Reached XP level 2. HP: 26/26 MP: 2/2
   441 | D:1      | Reached skill level 4 in Unarmed Combat
   533 | D:1      | Found a faded altar of an unknown god.
   639 | D:1      | Reached XP level 3. HP: 31/31 MP: 3/3
  1607 | D:2      | Reached skill level 5 in Unarmed Combat
  1607 | D:2      | Reached XP level 4. HP: 31/38 MP: 4/4
  2557 | D:3      | Noticed Sigmund
  2735 | D:3      | Found Wosont's Jewellery Shoppe.
  2999 | D:3      | Killed Sigmund
  3000 | D:3      | Reached skill level 6 in Unarmed Combat
  3000 | D:3      | Reached XP level 5. HP: 19/45 MP: 5/5
  3000 | D:3      | Reached XP level 6. HP: 22/51 MP: 6/6
  3360 | D:4      | Reached skill level 7 in Unarmed Combat
  3673 | D:4      | Noticed Natasha
  3687 | D:4      | Killed Natasha
  3973 | D:4      | Found a basalt altar of Yredelemnul.
  4182 | D:4      | Noticed Natasha
  4192 | D:4      | Killed Natasha
  4372 | D:4      | Noticed Blork the orc
  4415 | D:5      | Entered Level 5 of the Dungeon
  4462 | D:5      | Reached skill level 8 in Unarmed Combat
  4462 | D:5      | Your scales start taking on a rich purple colour.
  4462 | D:5      | Reached XP level 7. HP: 19/57 MP: 7/7
  4967 | D:5      | HP: 5/57 [poisoned by an orc]
  5309 | D:5      | Reached skill level 9 in Unarmed Combat
  5475 | D:5      | Noticed a troll
  5486 | D:5      | Slain by a troll

Vanquished Creatures
  Sigmund (D:3)
  A black bear (D:5)
  An ogre (D:5)
  A phantom (D:5)
  A hound (D:4)
  An iguana (D:5)
  2 orc priests
  An orc wizard (D:5)
  Natasha (twice) (D:4)
  7 adders
  2 ufetubi (D:5)
  A worm (D:4)
  13 orcs
  11 ball pythons
  8 bats
  5 endoplasms
  5 giant cockroaches
  6 hobgoblins
  2 jackals (D:3)
  7 kobolds
  3 quokkas
  A frilled lizard (D:1)
  13 goblins
  3 rats
98 creatures vanquished.
